 Dungeon Crawl Stone Soup version 0.29.1-1-gd02db6906a (webtiles) character file.

Game seed: 15309023637110999498

259 101zpm the Magician (level 6, 0/40 HPs)
             Began as a Djinni Fire Elementalist on Oct 3, 2022.
             Slain by an orc
             ... wielding a +0 falchion
              (3 damage)
             ... on level 3 of the Dungeon.
             The game lasted 00:02:43 (999 turns).

101zpm the Magician (Djinni Fire Elementalist)       Turns: 999, Time: 00:02:43

Health: 0/40       AC:  4    Str:  7    XL:     6   Next: 40%
Gold:   17         EV: 12    Int: 19    God:
                   SH:  0    Dex: 13

rFire   + + .      SeeInvis .   (no weapon)
rCold   x . .      Faith    .   (no shield)
rNeg    + . .      Spirit   .   c - +2 robe {rN+}
rPois   ∞          Reflect  .   (no helmet)
rElec   .          Harm     .   (no cloak)
rCorr   .          Rampage  .   (no gloves)
Will    .....                   (boots unavailable)
Stlth   ++........              (no amulet)
HPRegen 0.13/turn               (no ring)
MPRegen 0.00/turn               (no ring)

@: flying, very slightly contaminated
A: sickness immunity, fire resistance 2, cold vulnerability 1, float, innate
caster, HP casting, extra vitality 1
a: no special abilities


You were on level 3 of the Dungeon.
You visited 1 branch of the dungeon, and saw 3 of its levels.

You collected 17 gold pieces.

Inventory:

Armour
 a - a +0 robe
 c - a +2 robe of positive energy (worn)
Scrolls
 b - a scroll of poison {unknown}
 d - a scroll of teleportation {unknown}
 g - a scroll of vulnerability {unknown}
Potions
 e - a potion of heal wounds {unknown}
 f - a potion of might {unknown}
 h - a potion of curing


   Skills:
 + Level 2.9 Dodging
 + Level 2.2 Stealth
 + Level 4.8 Spellcasting


You couldn't memorise any spells.
You knew the following spells:

 Your Spells              Type           Power      Damage    Failure   Level
a - Foxfire               Conj/Fire      88%        2x1d8     1%          1
b - Scorch                Fire           44%        2d7       2%          2
c - Conjure Flame         Conj/Fire      22%        6-21      5%          3
d - Inner Flame           Hex/Fire       22%        N/A       5%          3
e - Flame Wave            Conj/Fire      22%        2d8       17%         4
f - Apportation           Tloc           44%        N/A       1%          1
g - Static Discharge      Conj/Air       22%        3-6/arc   2%          2
Your spell library was empty.

Dungeon Overview and Level Annotations

Branches:
Dungeon (3/15)

Altars:


Innate Abilities, Weirdness & Mutations

You are immune to sickness and miasma.
You are immune to poison.
Your flesh is very heat resistant. (rF++)
You are vulnerable to cold. (rC-)
You float through the air rather than walking.
You learn spells naturally, not from books.
Your magical power is your life essence.
You have superior vitality. (+4 MHP)


Message History

You kill the jackal!
Your foxfire dissipates!
You hear a bark! x3
Your foxfire dissipates!
A jackal comes into view.
Casting: Scorch (safe; 2% risk of failure)
Confirm with . or Enter, or press ? or * to list all spells.
Flames lash the jackal.
The jackal is almost dead.
The jackal's fire resistance burns away.
Casting: Scorch (safe; 2% risk of failure)
Confirm with . or Enter, or press ? or * to list all spells.
Flames lash the jackal.
The jackal is burned terribly!
You kill the jackal!
You hear a bark!
An orc comes into view. It is wielding a +0 falchion.
Casting: Scorch (safe; 2% risk of failure)
Confirm with . or Enter, or press ? or * to list all spells.
Flames lash the orc but do no damage.
* * * LOW HITPOINT WARNING * * *
Casting: Scorch (safe; 2% risk of failure)
Confirm with . or Enter, or press ? or * to list all spells.
You miscast Scorch.
You are very lightly contaminated with residual magic.
Nothing appears to happen.
* * * LOW HITPOINT WARNING * * *
An orc comes into view. It is wielding a +0 flail.
Casting: Scorch (safe; 2% risk of failure)
Confirm with . or Enter, or press ? or * to list all spells.
Flames lash the orc.
The orc is severely wounded.
The orc's fire resistance burns away.
* * * LOW HITPOINT WARNING * * *
The orc hits you with a +0 falchion.
* * * LOW HITPOINT WARNING * * *
Casting: Scorch (safe; 2% risk of failure)
Confirm with . or Enter, or press ? or * to list all spells.
You miscast Scorch.
Nothing appears to happen.
* * * LOW HITPOINT WARNING * * *
The orc hits you with a +0 falchion.
You die...

##+###### #....
........## #...#
.........# #..)#
.........# #...#
.........# #...#
#######'### #...#
..........# ##.o.#######
..........###.†o@.!)☼..)
..........'..†##########
..........##).#
..............#
...........##...
..............###
..........##.#..
..........# .#..
..........##....


You could see 2 orcs.

Vanquished Creatures
  Sigmund (D:2)
  An orc priest (D:3)
  Ijyb (D:3)
  2 adders
  A worm (D:2)
  A dart slug (D:2)
  2 orcs (D:3)
  3 bats
  2 goblins (D:2)
  4 hobgoblins
  6 jackals (D:3)
  A ball python (D:2)
  A frilled lizard (D:2)
  A rat (D:3)
27 creatures vanquished.

Vanquished Creatures (others)
  72 foxfires
72 creatures vanquished.

Grand Total: 99 creatures vanquished

Notes
Turn   | Place    | Note
-------+----------+-------------------------------------------
     0 | D:1      | 101zpm the Djinni Fire Elementalist began the quest for the
                  | Orb.
     0 | D:1      | 101zpm set off with the following spells memorised:
                  | Foxfire, Scorch, Conjure Flame, Inner Flame, Flame Wave.
     0 | D:1      | Reached XP level 1. HP: 15/15 MP: 0/0
    15 | D:2      | Reached XP level 2. HP: 12/21 MP: 0/0
   422 | D:2      | Reached skill level 3 in Spellcasting
   422 | D:2      | Reached XP level 3. HP: 19/25 MP: 0/0
   422 | D:2      | Learned a level 1 spell: Apportation
   503 | D:2      | Noticed Sigmund
   507 | D:2      | Killed Sigmund
   508 | D:2      | Reached skill level 4 in Spellcasting
   508 | D:2      | Reached XP level 4. HP: 18/31 MP: 0/0
   508 | D:2      | Reached XP level 5. HP: 20/35 MP: 0/0
   508 | D:2      | Learned a level 2 spell: Static Discharge
   736 | D:3      | Found a faded altar of an unknown god.
   793 | D:3      | Reached XP level 6. HP: 30/40 MP: 0/0
   962 | D:3      | Noticed Ijyb
   965 | D:3      | Killed Ijyb
   999 | D:3      | Slain by an orc

Illustrated notes

Levels and vault maps discovered:
D:1:      amcnicky_arrival_choice, layout_basic
D:2:      layout_basic, uniq_sigmund
D:3:      layout_basic, tso_metal_star, nicolae_ecumenical_oubliette, uniq_ijyb

Skill      XL: |  1  2  3 |
---------------+----------+-----
Spellcasting   | 3 4 |  4.8
Stealth        | 2 |  2.2
Dodging        | |  2.9

Action                   |  1- 3 |  4- 6 || total
-------------------------+-------+-------++-------
 Cast: Foxfire           |    29 |    18 ||    47
       Scorch            |     2 |    12 ||    14
       Inner Flame       |     1 |     7 ||     8
